 Dungeon Crawl Stone Soup version 0.19-a0-1007-g133f65f (webtiles) character file.

9 Implojin the Ruffian (level 2, 0/29 HPs)
             Began as a Troll Fighter on July 19, 2016.
             Succumbed to a worker ant's poison
             ... on level 4 of the Dungeon.
             The game lasted 00:01:16 (245 turns).

Implojin the Ruffian (Troll Fighter)                 Turns: 245, Time: 00:01:17

Health: 0/29       AC:  5    Str: 28    XL:     2   Next: 3%
Magic:  1/1        EV:  8    Int:  4    God:
Gold:   27         SH:  9    Dex:  9    Spells: 0 memorised, 1 level left

rFire  . . .     SeeInvis .       - Unarmed
rCold  . . .     Gourm    +     a - +0 robe
rNeg   . . .     Faith    .     b - +0 shield
rPois  .         Spirit   .     (helmet restricted)
rElec  .         Dismiss  .     (no cloak)
rCorr  .         Reflect  .     (gloves unavailable)
SustAt .         Harm     .     (boots unavailable)
MR     .....                    (no amulet)
Stlth  +.........               (no ring)
                                (no ring)

@: mighty, lethally poisoned (0 -> -7), flying, not resistant to hostile
enchantments, very unstealthy
A: unfitting armour, claws 3, fast metabolism 3, gourmand, regeneration 2,
shaggy fur 1, tough skin 2
a: no special abilities


You were on level 4 of the Dungeon.
You were not hungry.

You visited 1 branch of the dungeon, and saw 4 of its levels.

You collected 27 gold pieces.

Inventory:

Armour
 a - a +0 robe (worn)
 b - a +0 shield (worn)
Scrolls
 e - a scroll of remove curse {unknown}
 f - a scroll of random uselessness {unknown}
 h - a scroll of enchant weapon {unknown}
Potions
 i - a potion of degeneration {unknown}
Comestibles
 d - 2 bread rations


   Skills:
 - Level 2.4 Fighting
 - Level 2.4 Dodging
 - Level 2.4 Shields
 * Level 2.8 Unarmed Combat


You had one spell level left.
You didn't know any spells.

Dungeon Overview and Level Annotations

Branches:
Dungeon (4/15)
 Temple: D:4-7

Altars:
Nemelex Xobeh
Trog
Yredelemnul

Annotations:
D:4 Grinder


Innate Abilities, Weirdness & Mutations

You are too large for most types of armour.
You have claws for hands.
Your metabolism is lightning-fast.
You like to eat raw meat.
You heal very quickly.
You are covered in fur. (AC +1)
You have very tough skin. (AC +2)


Message History

The worker ant poisons you! The adder barely misses you.
The giant cockroach bites you. The worker ant barely misses you.
You barely miss the hobgoblin zombie.
You feel sick. The adder bites you.
You are more poisoned.
The adder poisons you!
The hobgoblin zombie hits you but does no damage.
The giant cockroach bites you but does no damage.
The worker ant bites you!
* * * LOW HITPOINT WARNING * * *
The adder bites you.
* * * LOW HITPOINT WARNING * * *
You feel sick. You block the giant cockroach's attack.
The worker ant waves its antennae.
Grinder comes into view.
You feel sick.
Grinder blinks!
You feel very mighty all of a sudden.
You feel sick. The adder bites you but does no damage.
You block the giant cockroach's attack. You block the adder's attack.
The hobgoblin zombie closely misses you.
Grinder blinks!
The giant cockroach bites you but does no damage.
Unknown command.
Unknown command.
Unknown command.
You feel sick.
Grinder says, "I used to sell toenails on the black market."
You see here a crude scale mail.
You feel sick.
You feel sick. You block the worker ant's attack.
You claw the worker ant!
The worker ant is severely wounded.
You feel sick. The worker ant bites you.
* * * LOW HITPOINT WARNING * * *
You are more poisoned.
The worker ant poisons you!
Unknown command.
It was a potion of flight.
You feel very buoyant.
You fly up into the air.
You die...

#.............
#.............
#.........#
#...5.....# #
#.........### .##
######.........'.##..
..............s###.#
.......######SZ##..#
######.## ##.#@..#
...s....# #Sa...+
.....#..# #.#...#
###.##..# #.##..#
#.##..# #.# #.#
#.##..# #.+ #..
#...... ..# .##
####..## #.# .. ..#
#. .


You could see a worker ant and an adder.

Vanquished Creatures
  A worm (D:2)
  3 bats
  A hobgoblin (D:3)
  A rat (D:2)
6 creatures vanquished.

Vanquished Creatures (others)
  An ogre (D:4)
  A worker ant (D:4)
  A giant gecko (D:4)
3 creatures vanquished.

Grand Total: 9 creatures vanquished

Notes
Turn   | Place    | Note
-------+----------+-------------------------------------------
     0 | D:1      | Implojin the Troll Fighter began the quest for the Orb.
     0 | D:1      | Reached XP level 1. HP: 22/22 MP: 0/0
    52 | D:2      | Found a sparkling altar of Nemelex Xobeh.
   136 | D:2      | Found a basalt altar of Yredelemnul.
   140 | D:2      | Found a bloodstained altar of Trog.
   211 | D:4      | Reached XP level 2. HP: 29/29 MP: 1/1
   232 | D:4      | Killed an ogre
   238 | D:4      | Noticed Grinder
   244 | D:4      | HP: 1/29 [worker ant (5)]
   245 | D:4      | Succumbed to a worker ant's poison

Vault maps used:
D:1:      tarquinn_simple_flora_water_b
D:2:      marbit_many_paths, grunt_temple_overflow_open
D:3:      saegor_snake_ambush, uniq_jessica, uniq_crazy_yiuf_cottage
D:4:      nicolae_ossuary_entry_giza, minmay_statues_item,
          minmay_misc_feat_ornament, xom_confusion_cloud, uniq_grinder

Action                   || total
-------------------------++-------
Melee: Unarmed           ||    22
  Use: Potion            ||     2
  Eat: Chunk             ||     1
Armor: Robe              ||    50
Dodge: Dodged            ||    36
Block: Shield            ||    35

Table legend:
 A = Turns spent in this place as a percentage of turns spent in the entire game.
 B = Non-inter-level travel turns spent in this place as a percentage of non-inter-level travel turns spent in the entire game.
 C = Inter-level travel turns spent in this place as a percentage of turns spent in this place.
 D = Turns resting spent in this place as a percentage of non-inter-level travel turns spent in this place.
 E = Turns spent auto-exploring this place as a percentage of non-inter-level travel turns spent in this place.
 F = Non-inter-level travel turns spent in this place divided by the number of levels of this place that you've seen.
                   A       B       C       D       E      F
               +-------+-------+-------+-------+-------+----------------------
         Total | 100.0 | 100.0 |   0.0 |   0.0 |   0.0 |  62.0
       Dungeon | 100.0 | 100.0 |   0.0 |   0.0 |   0.0 |  62.0
               +-------+-------+-------+-------+-------+----------------------

Table legend:
 A = Kills in this place as a percentage of kills in entire the game.
 B = Kills by you in this place as a percentage of kills by you in the entire game.
 C = Kills by friends in this place as a percentage of kills by friends in the entire game.
 D = Other kills in this place as a percentage of other kills in the entire game.
 E = Experience gained in this place as a percentage of experience gained in the entire game.
 F = Experience gained in this place divided by the number of levels of this place that you have seen.
                   A       B       C       D       E      F
               +-------+-------+-------+-------+-------+----------------------
         Total | 100.0 | 100.0 |  -nan |  -nan | 100.0 |   3.2
       Dungeon | 100.0 | 100.0 |  -nan |  -nan | 100.0 |   3.2
               +-------+-------+-------+-------+-------+----------------------
